 Dungeon Crawl Stone Soup version 0.28.0 (webtiles) character file.

Game seed: 7120739107771341812

10294 Esekla the Thaumaturge (level 11, 0/84 HPs)
             Began as a Formicid Fire Elementalist on Feb 18, 2022.
             Was an Initiate of Ru.
             Slain by a death yak (16 damage)
             ... on level 9 of the Dungeon.
             The game lasted 01:25:55 (16297 turns).

Esekla the Thaumaturge (FoFE)                      Turns: 16297, Time: 01:25:55

Health: 0/84       AC: 17    Str: 13    XL:     11   Next: 90%
Magic:  6/25       EV: 17    Int: 19    God:    Ru [......]
Gold:   159        SH: 11    Dex: 17    Spells: 22/31 levels left

rFire   . . .      SeeInvis +   c - +2 scimitar (protect)
rCold   . . .      Faith    .   H - +0 buckler
rNeg    . . .      Spirit   .   G - +0 steam dragon scales
rPois   .          Reflect  +   (helmet unavailable)
rElec   .          Harm     .   T - +2 cloak {rCorr}
rCorr   +          Rampage  .   S - +1 pair of gloves {Stlth+}
Will    +....                   (no boots)
Stlth   ++++......              t - amulet of reflection
HPRegen 0.24/turn               Q - +4 ring of evasion
MPRegen 0.19/turn               O - +6 ring of dexterity

@: under a protective aura
A: permanent stasis, dig shafts and tunnels, antennae 3, four strong arms
a: Dig, Shaft Self, Renounce Religion


You were on level 9 of the Dungeon.
You worshipped Ru.
Ru was noncommittal.
You visited 3 branches of the dungeon, and saw 12 of its levels.
You also visited: Ossuary.

You collected 684 gold pieces.
You spent 525 gold pieces at shops.

Inventory:

Hand Weapons
 c - a +2 scimitar of protection (weapon)
 r - a +0 vampiric trident
 s - a +0 dagger
 w - a +6 falchion of holy wrath
 x - a +2 battleaxe
 z - a +2 dagger of distortion
 U - a +0 dagger of venom
Missiles
 a - 2 boomerangs
 j - 12 poisoned darts (quivered)
 l - 6 javelins
 M - a curare-tipped dart
 R - 2 throwing nets
Armour
 G - +0 steam dragon scales (worn)
 H - a +0 buckler (worn)
 P - a +1 leather armour of fire resistance
 S - a +1 pair of gloves of stealth (worn)
 T - a +2 cloak of preservation (worn)
 V - a +2 ring mail of cold resistance
Jewellery
 k - a ring of protection from fire
 t - an amulet of reflection (around neck)
 v - a ring of resist corrosion
 I - a ring of flight
 O - a +6 ring of dexterity (right hand)
 Q - a +4 ring of evasion (left hand)
Wands
 o - a wand of digging (1)
 q - a wand of flame (7)
 L - a wand of mindburst (3)
Scrolls
 d - 3 scrolls of teleportation {unknown}
 f - 3 scrolls of fog {unknown}
 i - 2 scrolls of acquirement {unknown}
 u - 4 scrolls of amnesia {unknown}
 y - a scroll of immolation {unknown}
 E - a scroll of magic mapping {unknown}
 F - 2 scrolls of enchant armour {unknown}
 J - a scroll of enchant weapon {unknown}
 K - a scroll of summoning {unknown}
 N - a scroll of blinking {unknown}
Potions
 b - 5 potions of curing
 e - 3 potions of flight
 g - a potion of resistance {unknown}
 h - 4 potions of might
 m - 2 potions of attraction
 n - a potion of degeneration {unknown}
 p - 4 potions of heal wounds
 A - 2 potions of brilliance
 B - a potion of mutation {unknown}
 C - a potion of invisibility
 D - 4 potions of lignification


   Skills:
 * Level 7.3 Fighting
 + Level 1.4(3.7) Short Blades
 + Level 5.4(5.5) Long Blades
 + Level 1.1 Throwing
 * Level 1.3 Armour
 + Level 3.5 Dodging
 + Level 3.8 Stealth
 + Level 5.5 Shields
 * Level 10.8 Spellcasting
 + Level 1.0 Conjurations
 * Level 6.8 Necromancy
 + Level 6.9 Fire Magic


You had 22 spell levels left.
You knew the following spells:

 Your Spells              Type           Power      Damage    Failure   Level
a - Foxfire               Conj/Fire      100%       2x1d9     1%          1
d - Vampiric Draining     Necr           36%        2d8       1%          3
f - Conjure Flame         Conj/Fire      25%        6-21      4%          3
o - Scorch                Fire           72%        2d8       1%          2

Your spell library contained the following spells:

 Spells                   Type           Power      Damage    Failure   Level
 Animate Skeleton         Necr           72%        N/A       1%          1
 Pain                     Necr           100%       1d9       1%          1
 Inner Flame              Hex/Fire       23%        N/A       6%          3
 Apportation              Tloc           20%        N/A       9%          1
 Ensorcelled Hibernation  Hex/Ice        20%        N/A       12%         2
 Passwall                 Tmut/Erth      8%         N/A       12%         2
 Flame Wave               Conj/Fire      25%        2d7       16%         4
 Call Canine Familiar     Summ           10%        N/A       24%         3
 Portal Projectile        Hex/Tloc       20%        N/A       24%         3
 Leda's Liquefaction      Hex/Erth       5%         N/A       63%         4
 Alistair's Intoxication  Tmut/Pois      6%         N/A       92%         5
 Spellforged Servitor     Conj/Summ      6%         N/A       100%        7
 Swiftness                Air            Unusable   N/A       N/A         3

Dungeon Overview and Level Annotations

Branches:
Dungeon (10/15)            Temple (1/1) D:5            Lair (0/6) D:10
    Orc (1/2) D:10        Ossuary (visited)

Altars:
Ashenzari
Cheibriados
Dithmenos
Elyvilon
Fedhas
Gozag
Hepliaklqana
Kikubaaqudgha
Makhleb
Nemelex Xobeh
Okawaru
Qazlal
Ru
Sif Muna
Trog
Uskayaw
Vehumet
Wu Jian
Xom
Yredelemnul
Zin
The Shining One
Beogh

Shops:
D:5 ?!((   D:7 ?   D:9 [

Annotations:
D:5 1 runed translucent door, psuckher's ghost, weakling GnDe
D:7 1 runed translucent door, 2 headed ogre, Crazy Yiuf
Orc:1 Fannar; Urug


Innate Abilities, Weirdness & Mutations

You cannot be hasted, slowed, berserked, paralysed or teleported.
You can dig through walls and to a lower floor.
You have a pair of large antennae on your head. (SInv)
Your four strong arms can wield two-handed weapons with a shield.


Message History

Aim: a death yak (moderately wounded)
You draw life force from the death yak!
You feel life coursing into your body. The death yak barely misses you.
You hit the death yak.
Your weapon exudes an aura of protection.
The death yak is heavily wounded.
The death yak gores you!
Casting: Vampiric Draining (safe; 1% risk of failure)
Confirm with . or Enter, or press ? or * to list all spells.
Aiming: Vampiric Draining (safe; 1% risk of failure)
Press: ? - help, Shift-Dir - straight line, f/p - death yak
Aim: a death yak (heavily wounded)
You draw life force from the death yak.
You feel life coursing into your body. The death yak gores you.
Casting: Vampiric Draining (safe; 1% risk of failure)
Confirm with . or Enter, or press ? or * to list all spells.
Aiming: Vampiric Draining (safe; 1% risk of failure)
Press: ? - help, Shift-Dir - straight line, f/p - death yak
Aim: a death yak (heavily wounded)
You draw life force from the death yak.
You feel life coursing into your body. The death yak gores you!!
* * * LOW HITPOINT WARNING * * *
You hit the death yak but do no damage.
Your weapon exudes an aura of protection.
The death yak is heavily wounded.
You block the death yak's attack.
The death yak gores you but does no damage.
You hit the death yak.
The death yak is severely wounded.
The death yak gores you!
* * * LOW HITPOINT WARNING * * *
Your magical contamination has completely faded away.
Casting: Vampiric Draining (safe; 1% risk of failure)
Confirm with . or Enter, or press ? or * to list all spells.
Aiming: Vampiric Draining (safe; 1% risk of failure)
Press: ? - help, Shift-Dir - straight line, f/p - death yak
Aim: a death yak (severely wounded)
You draw life force from the death yak!
You feel life coursing into your body. The death yak gores you!
You die...

.............#####....#
#........
........<...###.......#
#########
.....[##..####..###.."#
......#...## #.####...#####
......#.#).# #.###....#...##
......#.##.###.##..........##
.........#..##.#............#
..........#..#.#.Y..........#
...........#...#@...........#
.......[........#..........##
............###......#....##
#..<......### ###.####.######
#........## #...........#
..##.....# ##.....<....#
####....## #..........#
#...## #..........# #...#
#..........#


You could see a death yak.

Vanquished Creatures
  Harold (D:9)
  5 death yaks
  Pikel (D:8)
  A cyclops (D:9)
  Maggie (D:7)
  A wraith (D:10)
  A wyvern (D:9)
  4 yaks (D:10)
  Eustachio (D:4)
  A steam dragon (D:7)
  A warg (Orc:1)
  Duvessa (D:5)
  4 orc warriors
  An ice beast (D:3)
  A hornet zombie (D:6)
  A necrophage (D:4)
  A sky beast (D:8)
  A black bear (D:8)
  An ogre (D:4)
  3 centaurs
  A phantom (D:6)
  A kobold brigand (D:8)
  2 bullfrogs (D:8)
  A scorpion (D:4)
  4 water moccasin zombies
  A wyvern skeleton (D:6)
  Dowan (D:5)
  4 killer bees
  12 wights
  4 howler monkeys
  3 centaur zombies
  2 hounds
  10 orc priests
  5 jellies
  A bullfrog skeleton (D:4)
  A centaur skeleton (D:7)
  Ijyb (D:3)
  Jessica (D:3)
  Natasha (thrice) (D:3)
  2 iguanas
  11 orc wizards
  3 hound skeletons
  2 mummies (Ossuary)
  A howler monkey skeleton (D:7)
  3 gnolls
  8 adders
  2 shadow imps
  2 white imps
  4 adder zombies (Ossuary)
  An adder skeleton (D:5)
  2 worms
  25 orcs
  11 ball pythons
  5 bats
  A bat zombie (D:4)
  5 endoplasms
  2 giant cockroaches
  5 goblins
  6 hobgoblins
  4 jackals (D:4)
  12 kobolds
  2 quokkas
  3 frilled lizards
  4 gnoll zombies (Ossuary)
  2 goblin zombies (D:7)
  2 hobgoblin zombies (Ossuary)
  6 kobold zombies (Ossuary)
  7 orc zombies (Ossuary)
  7 rats
  A rat zombie (D:4)
241 creatures vanquished.

Vanquished Creatures (others)
  11 foxfires
  2 fungi (D:7)
  2 plants (D:3)
15 creatures vanquished.

Grand Total: 256 creatures vanquished

Notes
Turn   | Place    | Note
-------+----------+-------------------------------------------
     0 | D:1      | Esekla the Formicid Fire Elementalist began the quest for
                  | the Orb.
     0 | D:1      | Reached XP level 1. HP: 13/13 MP: 3/3
   499 | D:1      | Reached XP level 2. HP: 15/20 MP: 3/5
   630 | D:1      | Learned a level 2 spell: Scorch
   906 | D:1      | Reached skill level 1 in Conjurations
   915 | D:1      | Reached skill level 1 in Fighting
   916 | D:1      | Reached XP level 3. HP: 14/26 MP: 1/7
   934 | D:1      | Learned a level 3 spell: Conjure Flame
  1548 | D:2      | Found an iron altar of Okawaru.
  1779 | D:2      | Reached skill level 3 in Spellcasting
  1860 | D:2      | Reached XP level 4. HP: 32/32 MP: 5/8
  2031 | D:3      | Noticed Jessica
  2457 | D:3      | Killed Jessica
  2458 | D:3      | Reached XP level 5. HP: 38/38 MP: 3/10
  2717 | D:3      | Found a broken altar of Ashenzari.
  2775 | D:3      | Noticed Ijyb
  2794 | D:4      | Noticed a necrophage
  2826 | D:4      | Killed a necrophage
  2827 | D:4      | Reached skill level 4 in Spellcasting
  2827 | D:4      | Reached XP level 6. HP: 37/46 MP: 1/12
  2950 | D:4      | Found an ornate altar of the Wu Jian Council.
  3003 | D:5      | Entered Level 5 of the Dungeon
  3264 | D:5      | Found Tudwuhi's Magic Scroll Shoppe.
  3303 | D:5      | Bought a scroll of noise for 11 gold pieces
  3314 | D:5      | Bought a scroll of identify for 22 gold pieces
  3314 | D:5      | Bought a scroll of identify for 22 gold pieces
  3333 | D:5      | Found a stormy altar of Qazlal.
  3365 | D:5      | Found Wehux's Distillery.
  3537 | D:5      | Reached skill level 1 in Short Blades
  3537 | D:5      | Reached XP level 7. HP: 52/52 MP: 7/14
  3544 | D:5      | Found Coeskeun's Weapon Boutique.
  3600 | D:5      | Found Yfowk's Weapon Shoppe.
  3692 | D:5      | Found a glowing silver altar of Zin.
  4076 | D:5      | Noticed Duvessa
  4110 | D:5      | Killed Duvessa
  4111 | D:5      | Reached skill level 5 in Spellcasting
  4111 | D:5      | Reached skill level 5 in Fire Magic
  4112 | D:5      | Noticed Dowan
  4207 | D:5      | Killed Dowan
  4395 | D:5      | Found an opulent altar of Gozag.
  4416 | D:5      | Found a runed translucent door.
  4416 | D:5      | Noticed psuckher's ghost (weakling GnDe)
  4587 | D:5      | Found a staircase to the Ecumenical Temple.
  4595 | Temple   | Entered the Ecumenical Temple
  4671 | Temple   | Became a worshipper of Ru the Awakened
  4701 | D:5      | Found a shimmering blue altar of Sif Muna.
  4763 | D:5      | Learned a level 3 spell: Vampiric Draining
  5054 | D:6      | Reached XP level 8. HP: 40/58 MP: 3/16
  5180 | D:6      | Reached skill level 6 in Spellcasting
  5717 | D:7      | Found a sand-covered staircase.
  5744 | Ossuary  | Entered an ossuary
  6420 | Ossuary  | Reached skill level 1 in Necromancy
  6953 | D:7      | Found a burning altar of Makhleb.
  7018 | D:7      | Found a shadowy altar of Dithmenos.
  7032 | D:7      | You fall into a shaft and drop 2 floors!
  7032 | D:9      | Noticed a two-headed ogre
  7297 | D:8      | Reached skill level 7 in Spellcasting
  7700 | D:7      | Found Eline Utur's Magic Scroll Shoppe.
  7703 | D:7      | Bought a scroll of identify for 26 gold pieces
  7703 | D:7      | Bought a scroll of identify for 26 gold pieces
  7703 | D:7      | Bought a scroll of identify for 26 gold pieces
  7703 | D:7      | Bought a scroll of identify for 26 gold pieces
  7962 | D:7      | Reached XP level 9. HP: 54/65 MP: 11/19
  8528 | D:7      | Reached skill level 8 in Spellcasting
  8725 | D:7      | Noticed Maggie
  9032 | D:6      | Reached skill level 1 in Shields
  9329 | D:5      | Bought a potion of flight for 36 gold pieces
  9599 | D:4      | Reached skill level 1 in Long Blades
  9765 | D:4      | Found an ancient bone altar of Kikubaaqudgha.
  9833 | D:4      | You fall into a shaft and drop 3 floors!
  9886 | D:7      | Reached skill level 5 in Fighting
 10143 | D:7      | Found a hide-covered altar of Uskayaw.
 10213 | D:7      | Killed Maggie
 10214 | D:7      | Reached skill level 9 in Spellcasting
 10214 | D:7      | Reached XP level 10. HP: 57/74 MP: 7/23
 10465 | D:7      | Found a runed translucent door.
 10466 | D:7      | Noticed Crazy Yiuf
 10806 | D:8      | Got the Reference Book on Lethal Ignition
 11664 | D:8      | Noticed Pikel
 11684 | D:8      | Killed Pikel
 11685 | D:8      | Reached skill level 5 in Necromancy
 12754 | D:9      | Noticed Harold
 12829 | D:9      | Noticed a cyclops
 12847 | D:9      | Killed a cyclops
 12848 | D:9      | Reached skill level 10 in Spellcasting
 13079 | D:9      | Killed Harold
 13080 | D:9      | Reached XP level 11. HP: 60/81 MP: 17/25
 13117 | D:9      | Found Jaenwuq's Antique Armour Shoppe.
 13319 | D:9      | Bought a pair of glowing gloves for 165 gold pieces
 13319 | D:9      | Bought a glowing cloak for 165 gold pieces
 13357 | D:10     | Entered Level 10 of the Dungeon
 13358 | D:10     | Noticed a death yak
 13360 | D:10     | Found a staircase to the Lair.
 13360 | D:10     | Noticed a death yak
 13360 | D:10     | Noticed a death yak
 13360 | D:10     | Noticed a death yak
 13389 | D:9      | Killed a death yak
 13659 | D:10     | Found a staircase to the Orcish Mines.
 13700 | D:10     | Found a snail-covered altar of Cheibriados.
 13770 | Orc:1    | Entered Level 1 of the Orcish Mines
 13817 | Orc:1    | Noticed Urug
 13817 | Orc:1    | Noticed Fannar
 13873 | Orc:1    | Noticed an ettin
 13904 | D:10     | Found a hazy altar of Hepliaklqana.
 14580 | D:10     | Noticed a death yak
 14584 | D:10     | Noticed a death yak
 14607 | D:10     | Killed a death yak
 14608 | D:10     | Reached skill level 5 in Shields
 14707 | D:10     | Noticed a death yak
 14752 | D:9      | Killed a death yak
 14753 | D:9      | Reached skill level 5 in Long Blades
 14914 | D:4      | Reached skill level 1 in Throwing
 14935 | D:4      | Noticed Eustachio
 14968 | D:4      | Killed Eustachio
 15081 | D:3      | Killed Ijyb
 15169 | D:3      | Noticed Natasha
 15175 | D:3      | Killed Natasha
 15397 | D:3      | Noticed Natasha
 15400 | D:3      | Killed Natasha
 15592 | D:3      | Noticed Natasha
 15603 | D:3      | Killed Natasha
 15930 | D:9      | Killed a death yak
 16118 | D:9      | Killed a death yak
 16119 | D:9      | Reached skill level 1 in Armour
 16297 | D:9      | Slain by a death yak

Illustrated notes

Levels and vault maps discovered:
D:1:      heliophobic_arrival_henge, layout_loops_ring
D:2:      layout_rooms, basic_altar
D:3:      layout_rooms, mainiacjoe_overflow_paths, hangedman_decor_slide_cut,
          minmay_misc_feat_enclosed, minmay_shallow_snake_nest, uniq_jessica,
          uniq_ijyb, uniq_natasha
D:4:      minmay_evil_eye, layout_rooms, lemuel_zombie_altar_kikubaaqudgha,
          pdpol_wu_jian_five_deadly_venoms, uniq_eustachio
D:5:      layout_layer_cave, pdpol_temple_overflow_zin_treasury_gozag_greed,
          nicolae_sif_muna_condensation, grunt_qazlal_clouds,
          minmay_temple_entry_mini_moons, serial_shops,
          nicolae_shop_bloodbath_and_beyond, shop, shop,
          nicolae_shop_advertising_works [nicolae_subvault_shop_adworks],
          hellmonk_ghost_happy_afterlife, uniq_duvessa
D:6:      layout_basic, minmay_misc_feat_cross
D:7:      layout_loops_corners, nicolae_dithmenos_through_a_glass_darkly,
          mainiacjoe_overflow_catwalk_spiral, enter_ossuary_4,
          nicolae_stop_n_shop_1, uniq_crazy_yiuf_cottage, uniq_maggie
D:8:      layout_loops_corners, uniq_pikel
D:9:      layout_rooms, serial_shops, kennysheep_mini_moat, uniq_harold
D:10:     minmay_the_grid_triangle_9x9_rhombus_thin_mashed
          [minmay_the_grid_triangle_9x9_checkered,
          minmay_the_grid_triangle_9x9_prize_center,
          minmay_the_grid_triangle_9x9_semitri,
          minmay_the_grid_triangle_9x9_cache], layout_basic,
          grunt_temple_overflow_open, dpeg_lair_monsters, orc_0_dummy
Temple:   zaba_magenta_temple
Orc:1:    layout_caves, mines1_david, uniq_urug, uniq_erolcha, uniq_fannar,
          uniq_snorg

Skill      XL: |  1  2  3  4  5  6  7  8  9 10 11 |
---------------+----------------------------------+-----
Conjurations   | 1 |  1.0
Fighting       | 1 2 3 4 5 7 |  7.3
Spellcasting   | 3 4 5 7 9 10 | 10.8
Fire Magic     | 4 5 6 |  6.9
Stealth        | 3 |  3.8
Short Blades   | 1 |  1.4
Necromancy     | 2 4 5 6 |  6.8
Dodging        | 2 3 |  3.5
Shields        | 1 4 5 |  5.5
Long Blades    | 1 3 5 |  5.4
Throwing       | 1 |  1.1
Armour         | 1 |  1.3

Action                   |  1- 3 |  4- 6 |  7- 9 | 10-12 || total
-------------------------+-------+-------+-------+-------++-------
Melee: Dagger            |    38 |    23 |    14 |     1 ||    76
       Falchion          |       |       |    55 |       ||    55
       Punch             |       |       |     2 |     1 ||     3
       Scimitar          |       |       |    59 |   380 ||   439
       Short sword       |       |       |    11 |       ||    11
Throw: Dart              |       |       |    10 |     7 ||    17
 Cast: Foxfire           |     5 |       |     1 |       ||     6
       Scorch            |    24 |    41 |   144 |    54 ||   263
       Vampiric Draining |       |       |    27 |    49 ||    76
Invok: Reject Sacrifices |       |       |     1 |       ||     1
 Abil: Dig               |       |       |     1 |       ||     1
       Shaft Self        |       |       |     2 |       ||     2
  Use: Scroll            |       |     3 |     5 |     2 ||    10
       Potion            |       |       |       |     1 ||     1
 Stab: Sleeping          |     4 |     2 |     3 |     3 ||    12
       Distracted        |       |       |       |     1 ||     1
Armor: Robe              |    10 |     9 |    13 |       ||    32
       Steam dragon scal |       |       |    36 |   132 ||   168
Dodge: Dodged            |    42 |    17 |   109 |   328 ||   496
Block: Other             |       |       |    50 |    18 ||    68
       Reflection        |       |       |     2 |     4 ||     6
       Buckler           |       |       |       |   234 ||   234
